Map: Void Launch

Players

AchileVI

  • Race: Zerg Zerg
  • Spawn Location: 6:00

NamroodTuo

  • Race: Zerg Zerg

VOD

Have the link to the VOD?

Description

Time

  • Played on: Jan. 15, 2023, 2:57 a.m.
  • Length: 25:46
Show
View Real Time Build Order
Export as new Build Order

AchileVI Zerg 

Build Orders:  

Get SALT Encoding   

  12  0:11  Drone  
  12  0:19  Overlord  
  13  0:41  Roach Warren  
  6  0:50  Drone  
  12  0:51  Drone  
  14  1:05  Extractor  
  14  1:09  Drone x2  
  15  1:26  Extractor  
  15  1:29  Drone x2  
  16  1:31  Drone  
  17  1:45  Overlord  
  17  1:48  Drone  
  18  2:20  Evolution Chamber, Lair  
  18  2:25  Drone  
  18  2:36  Drone  
  19  2:41  Drone  
  19  2:48  Drone  
  21  3:18  Drone  
  21  3:19  Drone  
  23  3:21  Overlord  
  23  3:23  Drone x2  
  25  3:48  Spire, Drone  
  25  4:12  Overlord  
  25  4:30  Mutalisk  
  25  4:31  Mutalisk x2  
  31  4:53  Mutalisk  
  31  4:57  Roach x2  
  31  4:59  Roach  
  39  5:05  Drone  
  40  5:40  Drone  
  40  5:43  Mutalisk x2  
  45  5:51  Overlord  
  45  5:52  Overlord  
  45  7:00  Mutalisk  
  45  7:01  Mutalisk  
  45  7:02  Mutalisk  
  45  7:05  Overlord  
  45  7:06  Overlord  
  45  7:07  Roach x2  
  45  7:08  Roach  
  45  7:09  Roach  
  59  7:48  Zerg Flyer Weapons Level 1  
  53  9:05  Hatchery, Mutalisk x2  
  53  9:07  Roach x2  
  53  9:08  Roach  
  53  9:09  Roach  
  64  9:10  Overlord  
  64  9:11  Overlord  
  64  9:12  Roach  
  66  10:28  Rapid Regeneration  
  62  11:16  Roach x7  
  62  11:28  Vicious Glave  
  62  11:46  Mutalisk  
  44  12:14  Leviathan  
  44  12:25  Mutalisk  
  44  12:26  Mutalisk x2  
  44  12:27  Mutalisk  
  44  12:28  Mutalisk  
  54  12:30  Mutalisk  
  54  12:31  Roach x2  
  54  12:32  Roach  
  62  12:40  Drone  
  62  12:41  Drone x4  
  62  12:42  Drone x4  
  71  13:01  Overlord  
  71  13:02  Overlord  
  71  13:03  Overlord  
  71  13:42  Drone  
  71  13:43  Drone x2  
  71  13:44  Drone x2  
  76  14:00  Zerg Flyer Weapons Level 2  
  76  14:06  Zerg Missile Weapons Level 1  
  76  14:12  Mutalisk  
  76  14:17  Glial Reconstitution  
  74  14:40  Leviathan  
  74  15:08  Mutalisk x2  
  78  15:10  Overlord  
  78  15:11  Overlord  
  78  15:12  Roach x2  
  78  15:13  Roach x3  
  88  15:22  Drone x2  
  88  15:23  Drone  
  88  15:24  Overlord  
  88  15:25  Overlord x2  
  88  15:27  Roach x2  
  93  16:23  Mutalisk  
  91  16:51  Leviathan  
  85  17:10  Zerg Flyer Armor Level 1  
  73  18:07  Overlord x2  
  73  18:09  Roach x2  
  77  18:10  Roach  
  77  18:11  Roach  
  77  18:12  Mutalisk x2  
  77  18:13  Mutalisk  
  87  18:34  Overlord  
  87  18:35  Overlord  
  87  18:36  Roach x3  
  87  18:37  Mutalisk  
  87  18:38  Mutalisk x3  
  101  18:55  Roach x4  
  101  19:07  Roach  
  101  19:09  Roach  
  101  19:25  Ravager  
  101  19:27  Ravager  
  59  21:01  Mutalisk  
  59  21:02  Mutalisk x3  
  59  21:03  Mutalisk  
  69  21:43  Extractor  
  69  21:47  Extractor  
  67  21:50  Mutalisk  
  67  21:51  Mutalisk  
  69  24:18  Mutalisk x2  
  69  24:19  Mutalisk x4  
  79  24:59  Mutalisk  
  77  25:27  Leviathan  
Show
View Real Time Build Order
Export as new Build Order

NamroodTuo Zerg 

Build Orders:  

Get SALT Encoding   

  12  0:03  Infested SCV  
  13  0:16  Infested SCV  
  14  0:21  Infested SCV  
  15  0:36  Infested Barracks  
  15  0:49  Overlord  
  15  1:02  Overlord  
  15  1:13  Overlord  
  15  1:16  Infested SCV  
  16  1:22  Infested SCV  
  17  1:38  Infested Marine  
  18  1:42  Infested Marine  
  19  1:50  Infested Barracks  
  19  1:51  Infested SCV  
  19  1:54  Infested SCV  
  21  2:14  Infested Marine x2  
  21  2:17  Infested SCV  
  24  2:26  Infested Engineering Bay  
  24  2:39  Infested Refinery  
  24  2:47  Infested Refinery  
  24  2:49  Infested Marine  
  25  2:58  Infested SCV x2  
  25  2:59  Infested SCV  
  27  3:23  Infested SCV  
  27  3:28  Infested Barracks Tech Lab  
  27  3:31  Infested Marine  
  27  3:32  Infested Marine x4  
  27  3:33  Infested Marine  
  33  3:44  Infested SCV  
  34  3:55  Retinal Augmentation  
  32  4:00  Infested SCV  
  32  4:02  Overlord  
  33  4:17  Infested Marine x2  
  33  4:18  Infested Marine  
  36  4:22  Overlord  
  35  4:30  Infested Marine  
  35  4:31  Infested Marine x11  
  47  4:47  Infested SCV  
  47  4:49  Overlord  
  48  4:56  Stukov Infantry Weapons Level 1  
  48  5:11  Overlord  
  48  5:13  Infested Marine x3  
  48  5:14  Infested Marine x10  
  51  6:00  Infested SCV x3  
  47  6:20  Infested Bunker  
  47  6:27  Infested Marine x5  
  47  6:28  Infested Marine x4  
  60  6:53  Infested Marine x10  
  60  6:54  Infested Marine x4  
  61  7:09  Infested Bunker  
  61  7:25  Infested Command Center  
  61  7:36  Stukov Infantry Armor Level 1  
  61  7:39  Infested Marine  
  62  7:40  Infested Marine x9  
  71  7:52  Overlord  
  71  7:53  Overlord  
  71  7:55  Overlord  
  59  8:26  Infested Marine  
  59  8:27  Infested Marine x11  
  59  8:28  Infested Marine x8  
  67  8:52  Overlord x4  
  67  9:00  Infested SCV  
  68  9:19  Infested Missile Turret  
  59  9:31  Infested SCV x3  
  59  9:32  Infested SCV  
  63  9:46  Infested Missile Turret  
  63  9:51  Infested Marine  
  63  9:52  Infested Marine x13  
  63  9:53  Infested Marine x4  
  63  9:54  Infested Marine  
  82  10:01  Infested Marine  
  82  10:02  Infested Marine x4  
  60  10:36  Infested Marine  
  60  10:37  Infested Marine x13  
  74  10:52  Infested Marine x3  
  74  10:53  Infested Marine x3  
  79  11:19  Infested Marine x9  
  88  11:20  Infested Marine  
  88  11:33  Infested Bunker  
  81  11:44  Infested Marine x4  
  81  11:45  Infested Marine x6  
  81  11:46  Infested Marine  
  87  11:55  Infested SCV x5  
  92  12:07  Infested SCV x5  
  95  12:18  Infested Factory  
  81  12:21  Infested Missile Turret  
  81  12:26  Infested SCV  
  81  12:27  Infested SCV  
  77  12:48  Infested Bunker  
  75  13:09  Infested Bunker  
  77  13:22  Infested Marine  
  77  13:23  Infested Marine x18  
  77  13:24  Infested Marine  
  86  13:36  Infested Missile Turret  
  86  13:47  Infested SCV  
  86  13:48  Infested SCV x2  
  86  13:49  Infested Armory  
  89  13:59  Infested Barracks  
  89  14:03  Infested Bunker  
  89  14:09  Infested Marine  
  90  14:10  Infested Marine x17  
  107  14:20  Infested Marine x4  
  111  14:44  Infested Marine  
  111  14:45  Infested Marine x9  
  111  14:47  Infested Marine  
  122  15:08  Infested Barracks  
  101  15:16  Overlord  
  101  15:17  Overlord x9  
  101  15:20  Stukov Infantry Weapons Level 2  
  101  15:33  Infested Missile Turret  
  88  16:00  Infested Marine  
  88  16:01  Infested Missile Turret, Infested Marine x14  
  88  16:02  Infested Marine x15  
  114  16:15  Infested Marine  
  114  16:16  Infested Marine x9  
  124  16:29  Infested Missile Turret  
  113  16:40  Infested Marine x10  
  113  16:41  Infested Marine x9  
  113  16:43  Infested Marine  
  113  16:44  Infested Marine x2  
  135  16:55  Infested Bunker  
  135  17:36  Infested SCV x3  
  141  17:42  Infested Bunker  
  123  17:54  Infested Missile Turret  
  113  18:18  Infested Marine  
  113  18:19  Infested Marine x16  
  130  18:20  Infested Missile Turret, Infested Marine x6  
  115  18:30  Stukov Infantry Armor Level 2, Infested Bunker  
  115  18:42  Infested Missile Turret  
  115  18:45  Infested Marine x10  
  115  18:46  Infested Marine x12  
  115  18:47  Infested Missile Turret  
  137  18:53  Infested Marine x5  
  137  18:54  Infested Marine x8  
  137  18:59  Infested Marine x4  
  154  19:00  Infested Marine  
  154  19:01  Infested Marine x2  
  154  19:04  Infested Marine  
  154  19:06  Infested Marine x2  
  154  19:07  Infested Marine  
  154  19:08  Infested Missile Turret  
  154  19:09  Infested Marine  
  162  19:10  Infested Marine  
  162  19:11  Infested Marine x2  
  162  19:13  Infested Missile Turret  
  162  19:15  Infested Marine x2  
  162  19:16  Infested Marine x2  
  162  19:18  Infested Marine, Infested Bunker  
  170  19:20  Infested Marine  
  170  19:21  Infested Marine x2  
  170  19:23  Infested Marine  
  170  19:25  Infested Marine  
  170  19:26  Infested Marine x2  
  170  19:28  Infested Marine  
  178  19:30  Infested Marine  
  178  19:31  Infested Marine x2  
  178  19:34  Infested Marine x2  
  178  19:36  Infested Marine  
  181  19:40  Infested Missile Turret  
  157  20:05  Infested Marine  
  157  20:06  Infested Marine x15  
  157  20:07  Infested Marine x9, Infested Bunker  
  169  20:30  Infested Bunker  
  159  20:47  Infested Bunker  
  134  21:17  Infested Bunker  
  131  21:36  Infested Marine x8  
  131  21:37  Infested Marine x23  
  131  21:38  Infested Marine x8  
  146  22:04  Infested Bunker  
  126  22:21  Infested Marine  
  126  22:22  Infested Marine x25  
  126  22:23  Infested Marine x11  
  142  22:43  Infested Marine x8  
  142  22:44  Infested Marine x8  
  156  22:58  Infested Bunker  
  136  23:10  Infested Marine  
  136  23:11  Infested Marine x12  
  136  23:12  Infested Marine x10  
  164  23:36  Infested Bunker  
  172  23:54  Infested Marine x8  
  172  23:55  Infested Marine x2  
  172  23:56  Infested Marine  
  173  24:13  Infested Marine  
  173  24:14  Infested Marine x12  
  173  24:15  Infested Marine x14  
  200  24:24  Infested Bunker  
  178  24:56  Infested Marine  
  178  24:57  Infested Marine x20  
  178  24:58  Infested Marine x14  
  183  25:12  Infested Marine, Infested Bunker  
  183  25:13  Infested Marine x11  
Tags
 
Commander
AbathurStukov
Matchup
Co-op
Replay Pack
Multiplayer
Add a new tag
Caveats
  • Supply blocks, unpowered buildings, or Contaminate may cause inaccurate times.
  • Supply counts are checked every 10 seconds.